 Dungeon Crawl Stone Soup version 0.25-a0-310-g60f0ac2d9a (webtiles) character file.

Game seed: 10313222845480581235, levelgen mode: deterministic

1327 Essalna the Spear-Bearer (level 8, -5/65 HPs)
             Began as a Merfolk Skald on Dec 24, 2019.
             Killed from afar by an electric eel (6 damage)
             ... with a bolt of electricity
             ... on level 5 of the Dungeon.
             The game lasted 00:15:06 (6250 turns).

Essalna the Spear-Bearer (Merfolk Skald)            Turns: 6250, Time: 00:15:07

Health: -5/65      AC:  8    Str: 13    XL:     8   Next: 60%
Magic:  10/11      EV: 18    Int: 13    God:
Gold:   310        SH:  0    Dex: 13    Spells: 10/11 levels left

rFire    . . .     SeeInvis .   w - +0 halberd
rCold    . . .     Gourm    .   (shield currently unavailable)
rNeg     . . .     Faith    .   p - +0 acid dragon scales
rPois    .         Spirit   .   l - +0 helmet
rElec    .         Reflect  .   y - scarf {repulsion}
rCorr    +         Harm     .   e - +0 pair of gloves
MR       .....                  (no boots)
Stlth    +.........             (no amulet)
HPRegen  0.20/turn              t - +3 ring of evasion
MPRegen  0.12/turn              (no ring)

@: infused, repel missiles
A: change form in water, swift swim, stealthy swim
a: no special abilities


You were on level 5 of the Dungeon.
You were not hungry.

You visited 1 branch of the dungeon, and saw 5 of its levels.

You collected 310 gold pieces.

Inventory:

Hand Weapons
 a - a +0 spear
 w - a +0 halberd (weapon)
Armour
 b - a +0 leather armour
 e - a +0 pair of gloves (worn)
 i - a +0 cloak
 l - a +0 helmet (worn)
 n - a +0 robe
 o - a cursed +0 ring mail
 p - +0 acid dragon scales (worn)
 y - a scarf of repulsion (worn)
Jewellery
 t - a +3 ring of evasion (left hand)
Wands
 g - a wand of digging (6)
Scrolls
 f - 4 scrolls of remove curse
 h - a scroll of fog {unknown}
 j - a scroll of acquirement {unknown}
 k - 2 scrolls of teleportation
 s - a scroll of amnesia {unknown}
 v - a scroll of enchant armour {unknown}
 x - a scroll of identify
Potions
 c - 4 potions of curing
 m - a potion of mutation {unknown}
 q - a potion of heal wounds {unknown}
 r - a potion of agility
 z - a potion of resistance {unknown}
Comestibles
 d - 5 rations
 u - a chunk of flesh


   Skills:
 + Level 6.7 Fighting
 + Level 8.7 Polearms
 + Level 1.4 Armour
 + Level 7.9 Dodging
 - Level 2.0 Spellcasting
 - Level 3.2 Charms


You had 10 spell levels left.
You knew the following spells:

 Your Spells              Type           Power        Failure   Level  Hunger
a - Infusion              Chrm           #...         10%         1    ##.....

Your spell library contained the following spells:

 Spells                   Type           Power        Failure   Level  Hunger
 Song of Slaying          Chrm           #.......     14%         2    ###....
 Shroud of Golubria       Chrm/Tloc      #.....       28%         2    ###....
 Beastly Appendage        Tmut           #.....       36%         1    ##.....
 Sticks to Snakes         Tmut           #.......     50%         2    ###....
 Regeneration             Chrm/Necr      #.........   50%         3    ####...
 Spectral Weapon          Hex/Chrm       #.......     50%         3    ####...
 Spider Form              Tmut/Pois      #.........   73%         3    ####...
 Ice Form                 Ice/Tmut       #.......     98%         4    #####..
 Blade Hands              Tmut           #.........   100%        5    ######.


Dungeon Overview and Level Annotations

Branches:
Dungeon (5/15)
 Temple: D:4-7

Altars:
Ashenzari
Dithmenos
Fedhas
Makhleb
Sif Muna
Xom

Annotations:
D:4 exclusion: oklob plant


Message History

Confirm with . or Enter, or press ? or * to list all spells.
You begin infusing your attacks with magical energy.
The electric eel shoots out a bolt of lightning at you!
The bolt of electricity hits the plant.
The bolt of electricity hits the plant!
The bolt of electricity hits you!
The electric eel shoots out a bolt of lightning at you!
The bolt of electricity hits you!
You are too injured to fight recklessly!
The electric eel shoots out a bolt of lightning at you!
The bolt of electricity hits the plant.
The bolt of electricity hits you!
The electric eel shoots out a bolt of lightning at you!
The bolt of electricity hits you!
* * * LOW HITPOINT WARNING * * *
The electric eel shoots out a bolt of lightning at you!
The bolt of electricity hits the plant.
The bolt of electricity hits you!
* * * LOW HITPOINT WARNING * * *
There is an open door here.
The electric eel shoots out a bolt of lightning at you!
The bolt of electricity hits the plant!
The bolt of electricity hits you.
You die...

######..##.....##......###.
##..#....#......#...........
#...............#..#........
##..........................
####...........#######.....
##..#......###...≈≈##....
#......#####≈..####.##...
##....##...≈≈##+ ##.#...
####....#.@##### #.#..<
##.....).###'..##.....#.#..)
#........)#.....#P...P#.##..
#.........#.....#..P≈$#≈###.
##.#.......#≈P.P≈#..≈(≈#≈##..
#...#......#$.PP.#≈≈[≈≈#≈#...
#..##......#!(%;≈##;;;##≈#...
#######....#;;.≈≈######≈##...
#....###≈≈≈##≈....###...


You could see 2 electric eels.

Vanquished Creatures
  A hippogriff (D:5)
  2 phantoms (D:4)
  2 ogres (D:5)
  A centaur (D:5)
  A scorpion (D:4)
  2 crimson imps (D:5)
  A quasit (D:5)
  3 hounds
  An orc priest (D:4)
  2 orc wizards (D:4)
  4 worker ants (D:4)
  A hound skeleton (D:4)
  Robin (D:4)
  11 gnolls
  3 adders
  2 shadow imps (D:5)
  2 adder skeletons (D:4)
  A worm (D:4)
  A leopard gecko (D:3)
  9 orcs
  3 giant cockroaches
  13 goblins
  12 hobgoblins
  26 jackals
  2 quokkas
  A ball python (D:4)
  8 bats
  3 frilled lizards
  12 kobolds
  2 leopard gecko skeletons
  7 rats
140 creatures vanquished.

Notes
Turn   | Place    | Note
-------+----------+-------------------------------------------
     0 | D:1      | Essalna the Merfolk Skald began the quest for the Orb.
     0 | D:1      | Reached XP level 1. HP: 16/16 MP: 3/3
    31 | D:1      | Found a shattered altar of Ashenzari.
    61 | D:1      | Reached XP level 2. HP: 13/23 MP: 0/5
   175 | D:1      | Reached skill level 1 in Armour
   693 | D:1      | Reached XP level 3. HP: 28/28 MP: 0/6
  1207 | D:2      | Reached skill level 4 in Polearms
  1218 | D:2      | Reached XP level 4. HP: 31/35 MP: 0/7
  2223 | D:3      | Found a shimmering blue altar of Sif Muna.
  2476 | D:4      | Found a shadowy altar of Dithmenos.
  2476 | D:4      | Found a shimmering altar of Xom.
  2476 | D:4      | Found a burning altar of Makhleb.
  2493 | D:4      | Reached XP level 5. HP: 25/41 MP: 2/8
  2791 | D:4      | Reached skill level 5 in Polearms
  2930 | D:4      | Noticed a phantom
  2998 | D:4      | Killed a phantom
  2998 | D:4      | Reached skill level 5 in Dodging
  2998 | D:4      | Reached XP level 6. HP: 20/48 MP: 9/9
  3397 | D:4      | Noticed Robin
  3424 | D:4      | Killed Robin
  3449 | D:4      | Found a blossoming altar of Fedhas.
  3479 | D:4      | Noticed an oklob plant
  3574 | D:4      | Reached skill level 6 in Polearms
  3989 | D:4      | Reached XP level 7. HP: 51/55 MP: 6/10
  4042 | D:4      | Reached skill level 5 in Fighting
  4816 | D:5      | Entered Level 5 of the Dungeon
  4831 | D:5      | Reached skill level 7 in Polearms
  4885 | D:5      | Reached XP level 8. HP: 55/64 MP: 0/11
  4972 | D:5      | Noticed a hippogriff
  5003 | D:5      | Killed a hippogriff
  5003 | D:5      | Reached skill level 8 in Polearms
  6249 | D:5      | HP: 1/65 [electric eel/bolt of electricity (12)]
  6250 | D:5      | Killed from afar by an electric eel

Levels and vault maps discovered:
D:1:      psy_arrival_basics, layout_rooms, st_stairs_11, ashenzari_altar_1
D:2:      layout_rooms, first_ration, chequers_serial_rivers_micro_c
D:3:      layout_loops_ring, grunt_ministairs_5, hangedman_abyss_or_decor_stabs,
          minmay_misc_feat_encased, columned_hall_lemuel, lemuel_blue_sif_altar
D:4:      layout_basic, gammafunk_temple_overflow_claw, tgw_fedhas, uniq_robin
D:5:      cheibrodos_two_vegetables, layout_cave_pools

Skill      XL: |  1  2  3  4  5  6  7  8 |
---------------+-------------------------+-----
Dodging        | 3 4 5 6 7 |  7.9
Armour         | 1 |  1.4
Fighting       | 3 4 5 6 |  6.7
Polearms       | 4 5 6 7 8 |  8.7
Spellcasting   | |  2.0
Charms         | |  3.2

Action                   |  1- 3 |  4- 6 |  7- 9 || total
-------------------------+-------+-------+-------++-------
Melee: Spear             |   153 |   327 |   260 ||   740
       Halberd           |       |       |    29 ||    29
       Tailslap          |       |       |     1 ||     1
 Cast: Infusion          |     8 |    12 |    14 ||    34
  Use: Potion            |       |     1 |     1 ||     2
       Scroll            |       |     5 |       ||     5
 Stab: Sleeping          |     1 |     1 |       ||     2
  Eat: Chunk             |     1 |    10 |     4 ||    15
       Ration            |       |       |     1 ||     1
Armor: Leather armour    |    57 |    13 |       ||    70
       Robe              |       |    13 |       ||    13
       Acid dragon scale |       |    20 |    95 ||   115
Dodge: Dodged            |   113 |   198 |   208 ||   519

Table legend:
 A = Non-vault XP
 B = Vault XP
 C = Vault XP percentage of total XP
 D = Non-vault monster count
 E = Vault monster count
 F = Vault count percentage of total count
                 A         B        C        D         E       F
            +---------+---------+-------+---------+---------+-------
      Total |    1845 |      51 |   2.7 |     123 |      17 |  12.1
            +---------+---------+-------+---------+---------+-------
        D:1 |      64 |       3 |   4.5 |      35 |       3 |   7.9
        D:2 |      39 |       0 |   0.0 |      23 |       0 |   0.0
        D:3 |      27 |       3 |  10.0 |       9 |       2 |  18.2
        D:4 |     787 |      32 |   3.9 |      36 |      10 |  21.7
        D:5 |     928 |      13 |   1.4 |      20 |       2 |   9.1
            +---------+---------+-------+---------+---------+-------
